AoeStats
← bullseyes

MegaRandom

505885384Analyzed
4v4 RM · 22d ago on Sep 11, 2026· 30m 24s· 8 players
Game mode
Random Map
Map size
Large (8 player)
Population
200
Speed
Normal
Resources
Standard
Victory
Conquest
Starting age
Dark Age
Ending age
Imperial Age
RankedLock teamsTeams togetherTeam positionsShared explorationLock speedFull tech treeHidden civsTurbo modeCheats
Victory
Defeat
1722
+9
🇨🇳 Shu · China
1696
+10
🇨🇳 Lithuanians · China
1668
+11
🇨🇳 Magyars · China
1594
+13
🇺🇸 Hindustanis · United States
1587
-12
🇧🇪 Britons · Belgium
1564
-11
🇪🇸 Dravidians · Spain
1554
-11
🇨🇳 Wei · China
1503
-9
The Bloody-Nine
9:36 Feudal Age
10:14 Double-Bit Axe
10:32 Horse Collar
14:25 Scale Barding Armor
16:22 Forging
19:01 Bloodlines
19:40 Loom
20:41 Town Watch
21:58 Wheelbarrow
28:23 Castle Age
29:27 Fletching
66875234
6:01 Loom
9:06 Feudal Age
9:44 Double-Bit Axe
10:40 Horse Collar
17:06 Wheelbarrow
17:10 Gold Mining
20:49 Castle Age
18:46 Stone Mining
20:29 Scale Barding Armor
20:35 Forging
20:51 Bloodlines
22:09 Chain Barding Armor
22:07 Bow Saw
24:27 Iron Casting
26:53 Husbandry
Raspadori
8:17 Loom
10:37 Feudal Age
11:11 Double-Bit Axe
13:10 Wheelbarrow
14:24 Fletching
22:06 Castle Age
20:32 Padded Archer Armor
20:33 Horse Collar
22:17 Gold Mining
29:31 Crossbowman
bullseyes
9:19 Loom
11:38 Feudal Age
14:25 Fletching
15:27 Double-Bit Axe
15:27 Horse Collar
25:30 Castle Age
24:24 Gold Mining
25:35 Crossbowman
26:34 Bodkin Arrow
27:23 Bow Saw
30:59 Ballistics
Ruarua
7:57 Loom
10:13 Feudal Age
14:17 Castle Age
12:42 Double-Bit Axe
15:26 Bow Saw
22:53 Scale Barding Armor
28:52 Horse Collar
兰博基尼
5:47 Loom
8:41 Feudal Age
9:32 Double-Bit Axe
9:27 Horse Collar
16:30 Scale Barding Armor
21:53 Castle Age
20:19 Gold Mining
20:53 Forging
21:25 Bloodlines
23:50 Bow Saw
24:15 Chain Barding Armor
24:18 Husbandry
25:41 Iron Casting
30:31 Wheelbarrow
苍天悠悠,何薄于我
7:00 Loom
9:33 Feudal Age
10:04 Double-Bit Axe
11:51 Fletching
12:49 Padded Archer Armor
21:53 Wheelbarrow
25:39 Castle Age
23:54 Horse Collar
24:22 Gold Mining
25:41 Crossbowman
26:17 Bodkin Arrow
30:21 Leather Archer Armor
30:38 Town Watch
裂车长
8:59 Loom
11:17 Feudal Age
11:44 Double-Bit Axe
16:55 Bloodlines
17:20 Scale Barding Armor
23:21 Wheelbarrow
24:49 Castle Age
23:28 Gold Mining
24:52 Light Cavalry
25:33 Husbandry
25:59 Chain Barding Armor
29:10 Bow Saw
Connection lost

Rejoining the realm…

Still unreachable

The connection could not be restored.

Session expired

The server has moved on; the page needs a fresh start.